 Dungeon Crawl Stone Soup version 0.30.0-13-g156ef70053 (webtiles) character file.

Game seed: 1313523407157682489

757 browni3141 the Covered (level 7, -1/63 HPs)
             Began as a Minotaur Fighter on May 17, 2023.
             Slain by Twinkles's ghost (12 damage)
             ... on level 4 of the Dungeon.
             The game lasted 00:02:04 (4128 turns).

browni3141 the Covered (Minotaur Fighter)           Turns: 4128, Time: 00:02:05

Health: -1/63      AC:  9    Str: 22    XL:     7   Next: 50%
Magic:  6/6        EV:  9    Int:  5    God:
Gold:   235        SH:  5    Dex: 10    Spells: 6/6 levels left

rFire   . . .        a - +0 war axe
rCold   . . .        c - +0 buckler
rNeg    . . .        b - +0 scale mail
rPois   .            (helmet restricted)
rElec   .            G - +1 cloak
rCorr   .            (no gloves)
SInv    +            (no boots)
Will    .....        (no amulet) Stlth
                     R - ring of see invisible
HPRegen 0.30/turn    (no ring)
MPRegen 0.10/turn

%: no passive effects
@: no status effects
A: horns 2, retaliatory headbutt
a: no special abilities


You were on level 4 of the Dungeon.
You visited 1 branch of the dungeon, and saw 4 of its levels.

You collected 235 gold pieces.

Inventory:

Hand Weapons
 a - a +0 war axe (weapon)
Armour
 b - a +0 scale mail (worn)
 c - a +0 buckler (worn)
 G - a +1 cloak (worn)
 U - a +0 cloak
Jewellery
 R - a ring of see invisible (left hand)
 X - a ring of ice
Scrolls
 H - a scroll of poison {unknown}
 J - a scroll of magic mapping {unknown}
 K - a scroll of torment {unknown}
 N - a scroll of immolation {unknown}
 O - 4 scrolls of identify {unknown}
 P - a scroll of fog {unknown}
 Q - 2 scrolls of blinking {unknown}
 S - 4 scrolls of teleportation {unknown}
 W - 2 scrolls of enchant armour {unknown}
Potions
 I - a potion of magic {unknown}
 L - 2 potions of cancellation {unknown}
 M - a potion of resistance {unknown}
 T - a potion of curing {unknown}
 V - 2 potions of degeneration {unknown}
 Y - a potion of invisibility {unknown}
 Z - a potion of lignification {unknown}


   Skills:
 + Level 6.1 Fighting
 + Level 5.6 Axes
 + Level 6.2 Armour
 + Level 6.1 Shields


You had 6 spell levels left.
You didn't know any spells.
Your spell library contained the following spells:

 Spells                   Type           Power      Damage    Failure   Level
 Apportation              Tloc           0%         N/A       83%         1
 Magic Dart               Conj           0%         1d3       83%         1
 Necrotise                Necr           0%         1d4       83%         1
 Shock                    Conj/Air       0%         1d3       83%         1
 Summon Small Mammal      Summ           0%         N/A       83%         1
 Call Imp                 Summ           0%         N/A       93%         2
 Ensorcelled Hibernation  Hex/Ice        0%         N/A       93%         2
 Mephitic Cloud           Conj/Pois/Air  0%         N/A       99%         3
 Spider Form              Tmut/Pois      0%         N/A       99%         3
 Swiftness                Air            0%         N/A       99%         3
 Airstrike                Air            0%         2d(0-16)  100%        4
 Anguish                  Hex/Necr       0%         N/A       100%        4
 Olgreb's Toxic Radiance  Pois           0%         N/A       100%        4
 Discord                  Hex            0%         N/A       100%        8
 Ignition                 Fire           0%         3d3       100%        8


Dungeon Overview and Level Annotations

Branches:
Dungeon (4/15)
 Temple: D:4-7

Altars:
Okawaru
Yredelemnul

Annotations:
D:4 1 runed translucent door, Twinkles's ghost, amateur GrFi


Innate Abilities, Weirdness & Mutations

You have a pair of horns on your head.
You reflexively headbutt those who attack you in melee.


Message History

Your Armour skill increases to level 6!
Your Shields skill increases to level 6!
No target in view!
Key pressed, stopping explore.
Found a basalt altar of Yredelemnul.
M - a bubbling brown potion
Found a runed translucent door.
An orc and an orc priest come into view.
The orc is wielding a +1 vampiric dagger.
Found an escape hatch in the ceiling.
The orc shouts!
The orc priest shouts!
An orc comes into view. It is wielding a +1 hand axe of venom.
An orc comes into view. It is wielding a +0 club.
The orc moves out of view.
There are monsters nearby!
There are monsters nearby!
There are monsters nearby!
The orc shouts!
The orc priest looks encouraged for a moment.
The orc priest miscasts a cantrip.
You closely miss the orc. You headbutt the orc!
You kill the orc!
The orc priest hits you with a +0 hand axe.
Things that are here:
a +1 vampiric dagger; a +0 leather armour You slash the orc priest!
The orc priest is almost dead.
You hit the orc but do no damage. You hit the orc. The orc misses you.
The orc priest casts a cantrip, but nothing happens.
The orc closely misses you. You furiously retaliate!
You headbutt the orc!
You kill the orc!
The orc hits you with a +0 club.
The orc priest hits you but does no damage.
There is an escape hatch in the ceiling here.
Things that are here:
a +1 hand axe of venom; a +0 ring mail; an orc corpse You barely miss the orc priest.
The orc priest is almost dead.
You slash the orc!
You kill the orc!
The orc priest looks braver for a moment.
The orc priest hits you with a +0 hand axe.
Found a stone staircase leading up.
The orc priest closely misses you. You furiously retaliate!
You headbutt the orc priest.
You kill the orc priest!
No reachable target in view!
No reachable target in view!
Twinkles's ghost turns its malevolent gaze towards you.
No reachable target in view!
You open the door.
The quokka twitches its whiskers.
You hit the quokka. Your headbutt misses the quokka.
The quokka is lightly wounded.
The quokka bites you.
You slash the quokka!
You kill the quokka!
You slash the rat!
You kill the rat!
You closely miss the river rat.
The river rat bites you but does no damage. x2
You barely miss the river rat. You headbutt the river rat.
The river rat is lightly wounded.
You block the river rat's attack.
You slash the river rat!
You kill the river rat!
You miss Twinkles's ghost. Twinkles's ghost hits you. x2
You closely miss Twinkles's ghost.
You headbutt Twinkles's ghost, but do no damage.
Twinkles's ghost hits you!
You closely miss Twinkles's ghost. Your headbutt misses Twinkles's ghost.
You block Twinkles's ghost's attack.
You miss Twinkles's ghost. Twinkles's ghost closely misses you.
You closely miss Twinkles's ghost. Your headbutt misses Twinkles's ghost.
Twinkles's ghost hits you.
Twinkles's ghost hits you but does no damage.
You closely miss Twinkles's ghost.
Twinkles's ghost hits you but does no damage.
You closely miss Twinkles's ghost. You block Twinkles's ghost's attack.
You barely miss Twinkles's ghost.
Twinkles's ghost hits you but does no damage.
You closely miss Twinkles's ghost. Twinkles's ghost closely misses you.
You slash Twinkles's ghost! Your headbutt misses Twinkles's ghost.
Twinkles's ghost is moderately damaged.
Twinkles's ghost hits you! Twinkles's ghost closely misses you.
You hit Twinkles's ghost.
You headbutt Twinkles's ghost, but do no damage.
Twinkles's ghost is moderately damaged.
Twinkles's ghost hits you!
You barely miss Twinkles's ghost.
You headbutt Twinkles's ghost, but do no damage.
Twinkles's ghost is moderately damaged.
Twinkles's ghost hits you but does no damage.
You hit Twinkles's ghost but do no damage.
You headbutt Twinkles's ghost, but do no damage.
Twinkles's ghost is moderately damaged.
Twinkles's ghost hits you! Twinkles's ghost completely misses you.
You barely miss Twinkles's ghost.
Twinkles's ghost is moderately damaged.
Twinkles's ghost hits you!
You die...

... #~~~# .....
#~$~# ..... #~~~#
.....# . #~~~#
##### #..... <.
#~~~# #!..# #.....
#. #~~~###...#
#..... ..
##W##.....# #.....
#.#.@.......#
#.....
#....)).....#
#.....
##...<).....#
#.....
###.####...#
##.....
#.####...###......
#.........##.....#
#########.##.....#
#..#.....#
##..#####.


You could see Twinkles's ghost.

Vanquished Creatures
  Duvessa (D:4)
  A phantom (D:4)
  2 scorpions (D:4)
  Dowan (D:4)
  An orc priest (D:4)
  Crazy Yiuf (D:3)
  A hound (D:4)
  A jelly (D:3)
  2 orc wizards
  Terence (D:3)
  2 sleepcaps (D:4)
  3 gnolls (D:2)
  2 adders
  A river rat (D:4)
  4 worms
  4 dart slugs
  16 orcs
  6 endoplasms
  4 giant cockroaches
  7 goblins
  7 hobgoblins
  3 jackals (D:1)
  5 kobolds
  A quokka (D:4)
  5 ball pythons
  4 bats
  A frilled lizard (D:3)
  5 rats
92 creatures vanquished.

Notes
Turn   | Place    | Note
-------+----------+-------------------------------------------
     0 | D:1      | browni3141 the Minotaur Fighter began the quest for the
                  | Orb.
     0 | D:1      | Reached XP level 1. HP: 19/19 MP: 0/0
   268 | D:1      | Reached XP level 2. HP: 27/27 MP: 1/1
   608 | D:1      | Reached skill level 3 in Axes
   878 | D:2      | Reached XP level 3. HP: 24/33 MP: 2/2
  1402 | D:2      | Reached XP level 4. HP: 40/40 MP: 3/3
  2331 | D:4      | Noticed a scorpion
  2338 | D:4      | Killed a scorpion
  2339 | D:4      | Reached XP level 5. HP: 42/47 MP: 4/4
  2555 | D:4      | Found an iron altar of Okawaru.
  2569 | D:4      | Found a runed translucent door.
  2811 | D:3      | Noticed Terence
  2823 | D:3      | Killed Terence
  2824 | D:3      | Reached XP level 6. HP: 50/54 MP: 5/5
  3050 | D:3      | Found a faded altar of an unknown god.
  3269 | D:3      | Found a runed translucent door.
  3270 | D:3      | Noticed Crazy Yiuf
  3505 | D:3      | Killed Crazy Yiuf
  3826 | D:4      | Identified the +5 ring mail of Demonic the Good {rC+ Dex+2}
  3857 | D:4      | Noticed Duvessa
  3858 | D:4      | Noticed Dowan
  3870 | D:4      | Killed Duvessa
  3874 | D:4      | Reached XP level 7. HP: 51/62 MP: 6/6
  3881 | D:4      | Killed Dowan
  3908 | D:4      | Reached skill level 6 in Fighting
  3908 | D:4      | Reached skill level 6 in Armour
  3908 | D:4      | Reached skill level 6 in Shields
  4076 | D:4      | Found a basalt altar of Yredelemnul.
  4095 | D:4      | Found a runed translucent door.
  4106 | D:4      | Noticed Twinkles's ghost (amateur GrFi)
  4128 | D:4      | Slain by Twinkles's ghost

Illustrated notes

Levels and vault maps discovered:
D:1:      psy_arrival_fountain, layout_basic,
          nicolae_concentric_dashed_squares_mild, minmay_pentomino_t4
D:2:      layout_loops_corners, serial_forest, infiniplex_forest_split,
          infiniplex_forest_lined_2, infiniplex_forest_straight_2,
          infiniplex_forest_clump_double, infiniplex_forest_clump_tiny,
          infiniplex_forest_straight_4
D:3:      layout_basic, hellmonk_ecumenical_altar_arch_garden, uniq_terence,
          uniq_crazy_yiuf_cottage
D:4:      layout_basic, yredelemnul_altar_generic,
          nicolae_overflow_hidden_temple,
          nicolae_gozag_cash_rules_everything_around_me, ebering_ghost_sewer_f,
          uniq_duvessa

Skill      XL: |  1  2  3  4  5  6  7 |
---------------+----------------------+-----
Axes           | 3 4 5 |  5.6
Armour         | 4 5 6 |  6.2
Fighting       | 4 5 6 |  6.1
Shields        | 4 5 6 |  6.1

Action                     |  1- 3 |  4- 6 |  7- 9 || total
---------------------------+-------+-------+-------++-------
  Melee: War axe           |    62 |   109 |    37 ||   208
         Headbutt          |     9 |    17 |     6 ||    32
    Use: Potion            |       |     1 |       ||     1
 Armour: Scale mail        |    21 |    38 |    12 ||    71
  Dodge: Dodged            |    23 |    52 |    15 ||    90
  Block: Buckler           |    13 |    25 |     3 ||    41
